 Dungeon Crawl Stone Soup version 0.29-a0-284-gf9362112df (webtiles) character file.

Game seed: 15209711302047323763

16146 avis the Brawler (level 12, -3/124 HPs)
             Began as a Hill Orc Transmuter on Mar 13, 2022.
             Was a Believer of Beogh.
             Killed from afar by an electric eel (6 damage)
             ... with a bolt of electricity
             ... on level 11 of the Dungeon on Mar 15, 2022.
             The game lasted 02:08:11 (17960 turns).

avis the Brawler (Hill Orc Transmuter)             Turns: 17960, Time: 02:08:11

Health: -3/124     AC: 11    Str: 22    XL:     12   Next: 34%
Magic:  18/18      EV: 10    Int: 15    God:    Beogh [**....]
Gold:   346        SH:  0    Dex: 11    Spells: 1/19 levels left

rFire   x . .      SeeInvis .     - Unarmed
rCold   + + +      Faith    .   (shield currently unavailable)
rNeg    . . .      Spirit   .   (body armour currently unavailable)
rPois   +          Reflect  .   (helmet currently unavailable)
rElec   .          Harm     .   (cloak currently unavailable)
rCorr   .          Rampage  .   (gloves currently unavailable)
Will    .....                   (boots currently unavailable)
Stlth   +.........              V - amulet of regeneration
HPRegen 1.10/turn               f - +4 ring of protection
MPRegen 0.16/turn               G - +6 ring of strength

@: ice-form, slowed, very slow
A: freezing attack, amphibious, boosted hp, large
a: End Transformation, Renounce Religion, Smiting


You were on level 11 of the Dungeon.
You worshipped Beogh.
Beogh was pleased with you.
You were a creature of crystalline ice.
You visited 2 branches of the dungeon, and saw 12 of its levels.
You visited the Abyss 1 time.

You collected 666 gold pieces.
You spent 320 gold pieces at shops.

Inventory:

Hand Weapons
 c - a +0 longbow
 e - a +3 flail
Armour
 g - a +0 cloak (melded)
 r - a +0 pair of gloves (melded)
 x - +0 steam dragon scales (melded)
 F - a +0 helmet (melded)
 J - a +0 buckler of protection (melded)
 U - an orb of mayhem
Jewellery
 f - a +4 ring of protection (left front paw)
 u - a ring of flight
 G - a +6 ring of strength (right front paw)
 N - a ring of protection from fire
 V - an amulet of regeneration (around neck)
Wands
 s - a wand of acid (22)
 y - a wand of mindburst (3)
 B - a wand of flame (19)
 C - a wand of iceblast (18)
Scrolls
 a - 3 scrolls of vulnerability
 d - 3 scrolls of magic mapping
 j - 3 scrolls of immolation {unknown}
 m - 5 scrolls of teleportation
 o - 3 scrolls of fog {unknown}
 v - a scroll of brand weapon {unknown}
 w - 3 scrolls of enchant armour {unknown}
 E - 3 scrolls of amnesia {unknown}
 K - a scroll of fear {unknown}
 X - 2 scrolls of enchant weapon {unknown}
Potions
 b - a potion of lignification
 h - a potion of attraction {unknown}
 i - a potion of magic
 k - 4 potions of ambrosia
 l - a potion of might
 n - a potion of invisibility {unknown}
 p - 3 potions of brilliance
 z - 3 potions of resistance
 A - a potion of cancellation
 T - 2 potions of flight


   Skills:
 - Level 9.0 Fighting
 - Level 2.0 Dodging
 - Level 4.0 Shields
 - Level 15.0 Unarmed Combat
 - Level 4.0 Spellcasting
 * Level 6.8 Transmutations
 - Level 4.0 Ice Magic
 - Level 2.0 Poison Magic
 - Level 5.0 Invocations


You had one spell level left.
You knew the following spells:

 Your Spells              Type           Power      Damage    Failure   Level
a - Beastly Appendage     Tmut           46%        N/A       1%          1
c - Passwall              Tmut/Erth      10%        N/A       7%          2
o - Ozocubu's Armour      Ice            15%        N/A       11%         3
p - Spider Form           Tmut/Pois      16%        N/A       9%          3
q - Ice Form              Ice/Tmut       19%        N/A       21%         4
B - Blade Hands           Tmut           11%        N/A       30%         5

Your spell library contained the following spells:

 Spells                   Type           Power      Damage    Failure   Level
 Freeze                   Ice            60%        1d8       3%          1
 Sting                    Tmut/Pois      64%        1d6       3%          1
 Shock                    Conj/Air       12%        1d3       19%         1
 Wereblood                Tmut           23%        N/A       1%          2
 Scorch                   Fire           6%         2d5       26%         2
 Mephitic Cloud           Conj/Pois/Air  4%         N/A       38%         3
 Swiftness                Air            3%         N/A       47%         3
 Tukima's Dance           Hex            3%         N/A       47%         3
 Hailstorm                Conj/Ice       9%         3d4       61%         4
 Summon Ice Beast         Ice/Summ       9%         N/A       61%         4
 Irradiate                Conj/Tmut      6%         3d16      77%         5
 Animate Dead             Necr           1%         N/A       87%         4
 Flame Wave               Conj/Fire      3%         2d4       87%         4
 Metabolic Englaciation   Hex/Ice        4%         N/A       91%         5
 Borgnjor's Vile Clutch   Necr/Erth      1%         N/A       99%         5
 Summon Mana Viper        Hex/Summ       3%         N/A       99%         5
 Death Channel            Necr           1%         N/A       100%        6
 Simulacrum               Ice/Necr       4%         N/A       100%        6
 Summon Cactus Giant      Summ           1%         N/A       100%        6
 Dragon Form              Tmut           11%        N/A       100%        7
 Enfeeble                 Hex            1%         N/A       100%        7
 Storm Form               Tmut/Air       6%         N/A       100%        7


Dungeon Overview and Level Annotations

Branches:
Dungeon (11/15)            Temple (1/1) D:6            Lair (0/6) D:11
    Orc (0/2) D:10

Altars:
Ashenzari
Cheibriados
Dithmenos
Fedhas
Gozag
Hepliaklqana
Kikubaaqudgha
Okawaru
Qazlal
Ru
Sif Muna
Uskayaw
Vehumet
Wu Jian
The Shining One
Beogh

Shops:
D:4 ((![   D:5 [   D:7 *

Annotations:
D:5 3 runed translucent doors, SweetAndFullOfGrace's ghost, novice MiBe
D:7 2 transporters, Aneyh's ghost, novice TeFi; Grum


Message History

You kill the electric eel!
Beogh accepts your kill.
You hear a splash.
The electric eel shoots out a bolt of lightning at you!
The bolt of electricity hits you!
* * * LOW HITPOINT WARNING * * *
You pummel the electric eel!!
The electric eel seems to slow down.
You freeze the electric eel!
You kill the electric eel!
Beogh accepts your kill.
The electric eel shoots out a bolt of lightning at you!
The bolt of electricity hits you.
* * * LOW HITPOINT WARNING * * *
You feel better.
The electric eel shoots out a bolt of lightning at you!
The bolt of electricity hits you.
* * * LOW HITPOINT WARNING * * *
The electric eel shoots out a bolt of lightning at you!
The bolt of electricity hits you!
* * * LOW HITPOINT WARNING * * *
The electric eel shoots out a bolt of lightning at you!
The bolt of electricity hits you!
* * * LOW HITPOINT WARNING * * *
You feel better.
The electric eel shoots out a bolt of lightning at you!
The bolt of electricity hits you but does no damage.
You barely miss the electric eel. You closely miss the electric eel.
The electric eel shoots out a bolt of lightning at you!
The bolt of electricity misses you.
You closely miss the electric eel.
The electric eel shoots out a bolt of lightning at you!
The bolt of electricity hits you!
* * * LOW HITPOINT WARNING * * *
You punch the electric eel!
The electric eel seems to slow down.
You freeze the electric eel.
The electric eel is severely wounded.
The electric eel shoots out a bolt of lightning at you!
The bolt of electricity hits you.
You die...

##############
#≈≈≈≈≈≈≈≈≈≈≈≈≈≈≈≈≈≈≈≈≈##
≈≈≈≈≈≈≈≈≈≈≈≈≈≈≈≈≈≈≈≈≈≈≈##
≈≈≈≈≈≈≈≈≈≈≈≈≈≈≈≈≈≈≈≈≈≈≈##
≈≈≈≈≈≈≈≈≈≈≈≈≈≈≈≈≈≈≈≈≈≈≈##
≈≈≈≈≈≈≈≈≈≈≈≈≈≈≈≈≈≈≈≈≈≈≈≈≈
≈≈≈≈≈≈≈≈≈≈≈≈≈≈≈≈≈≈≈≈≈≈≈≈≈
≈≈≈≈≈≈≈≈S≈≈≈≈≈≈≈≈≈≈≈≈≈≈≈≈
≈≈≈≈≈≈≈≈Y≈≈≈≈≈≈≈≈≈≈≈≈≈≈≈≈
≈≈≈≈≈≈≈≈≈≈≈≈≈≈≈≈≈≈≈≈≈≈≈≈≈
≈≈≈≈≈≈≈≈≈≈≈≈≈≈≈≈≈≈≈≈≈≈≈≈≈
###≈≈≈≈≈≈≈≈≈≈≈≈≈≈≈≈≈≈≈≈≈#
###≈≈≈≈≈≈≈≈≈≈≈≈≈≈≈≈####
#≈≈≈≈≈≈≈≈≈≈≈≈≈≈≈##
#≈≈≈≈≈≈≈≈≈≈≈≈≈####
#####≈≈≈≈≈≈≈≈≈≈#
############


You could see an electric eel (slow).

Vanquished Creatures
  A catoblepas (D:8)
  4 two-headed ogres
  2 tengu warriors
  2 wizards
  Pikel (D:8)
  A deep elf zephyrmancer (D:9)
  A deep elf pyromancer (D:9)
  2 cyclopes
  A manticore (D:11)
  An apocalypse crab (Abyss:2)
  2 gargoyles
  A smoke demon (Abyss:2)
  An unseen horror (D:11)
  A troll (D:9)
  2 hornets (D:10)
  A water elemental (D:11)
  3 wyverns
  A yak (D:8)
  2 wraiths (D:11)
  2 basilisks (D:11)
  The ghost of SirDiesAlot the Skirmisher, an amateur MiFi (D:3)
  A shadow (D:11)
  3 steam dragons
  Menkaure (D:6)
  An acid dragon (D:11)
  2 water moccasins
  3 sky beasts
  2 ice beasts (D:7)
  3 black bears
  3 orc warriors
  An ogre (D:7)
  A lemure (D:8)
  3 centaurs
  Blork the orc (D:6)
  3 kobold brigands
  3 scorpions
  6 bullfrogs
  A necrophage (D:5)
  A gnoll sergeant (D:9)
  A wyvern skeleton (D:3)
  12 wights
  14 killer bees
  6 electric eels (D:11)
  3 howler monkeys
  6 hounds
  An iron imp (D:6)
  A centaur skeleton (D:3)
  3 orc priests
  3 iguanas
  13 orc wizards
  6 adders
  3 gnolls (D:9)
  A howler monkey skeleton (D:3)
  A shadow imp (D:7)
  2 white imps
  An ufetubus (D:6)
  A worm (D:2)
  2 dart slugs
  43 orcs
  8 ball pythons
  6 endoplasms
  4 giant cockroaches
  7 goblins
  4 hobgoblins
  10 jackals
  8 quokkas
  8 bats
  6 frilled lizards
  10 kobolds
266 creatures vanquished.

Vanquished Creatures (others)
  An orc warrior (D:8)
  An orc priest (D:8)
  2 orc wizards (D:8)
  6 orcs (D:8)
  A fungus (D:4)
  6 plants (D:7)
17 creatures vanquished.

Grand Total: 283 creatures vanquished

Notes
Turn   | Place    | Note
-------+----------+-------------------------------------------
     0 | D:1      | avis the Hill Orc Transmuter began the quest for the Orb.
     0 | D:1      | Reached XP level 1. HP: 16/16 MP: 3/3
   288 | D:1      | Reached XP level 2. HP: 23/23 MP: 2/4
   313 | D:1      | Reached skill level 4 in Unarmed Combat
   888 | D:1      | Found a faded altar of an unknown god.
   936 | D:1      | Reached XP level 3. HP: 27/28 MP: 3/5
  1600 | D:1      | Learned a level 3 spell: Spider Form
  1620 | D:2      | Reached skill level 5 in Unarmed Combat
  2102 | D:3      | Found a transporter.
  2246 | D:3      | Reached XP level 4. HP: 33/36 MP: 4/6
  2526 | D:3      | Found an ornate altar of the Wu Jian Council.
  2568 | D:3      | Got Surrap's Incunabulum of Intoxication and the Glacier
  2610 | D:3      | Reached skill level 1 in Poison Magic
  2675 | D:3      | Noticed SirDiesAlot's ghost (amateur MiFi)
  2676 | D:3      | Found a transporter.
  2968 | D:3      | Reached XP level 5. HP: 41/41 MP: 5/7
  3332 | D:4      | Found Unkaemp's Weapon Boutique.
  3332 | D:4      | Found Naet's Distillery.
  4093 | D:4      | Found a hide-covered altar of Uskayaw.
  4209 | D:4      | Reached skill level 6 in Unarmed Combat
  4313 | D:4      | Found Jocrerih's Antique Weapon Shoppe.
  4541 | D:4      | Found Laklaen's Antique Armour Emporium.
  4700 | D:4      | Found a sacrificial altar of Ru.
  4987 | D:4      | Bought a potion of degeneration for 14 gold pieces
  4987 | D:4      | Bought a potion of curing for 42 gold pieces
  4987 | D:4      | Bought a potion of heal wounds for 70 gold pieces
  4987 | D:4      | Bought a potion of might for 56 gold pieces
  5003 | D:5      | Entered Level 5 of the Dungeon
  5060 | D:5      | Reached XP level 6. HP: 41/48 MP: 6/8
  5115 | D:5      | Found a broken altar of Ashenzari.
  5445 | D:5      | Noticed a black bear
  5466 | D:5      | Found a stormy altar of Qazlal.
  5511 | D:5      | Killed a black bear
  5512 | D:5      | Reached skill level 7 in Unarmed Combat
  5557 | D:5      | Reached XP level 7. HP: 29/57 MP: 7/10
  5795 | D:5      | Found a runed translucent gate.
  5795 | D:5      | Found a runed translucent gate.
  5795 | D:5      | Found a runed translucent gate.
  5795 | D:5      | Noticed SweetAndFullOfGrace's ghost (novice MiBe)
  5818 | D:5      | Learned a level 3 spell: Ozocubu's Armour
  5820 | D:5      | Found Cehaos's Armour Boutique.
  6159 | D:5      | Found a blossoming altar of Fedhas.
  6339 | D:6      | Noticed Blork the orc
  6349 | D:6      | Killed Blork the orc
  6365 | D:6      | Reached skill level 8 in Unarmed Combat
  6653 | D:6      | Noticed Menkaure
  6656 | D:6      | Reached skill level 1 in Ice Magic
  7037 | D:5      | Reached XP level 8. HP: 66/66 MP: 7/11
  7506 | D:6      | Killed Menkaure
  7507 | D:6      | Reached skill level 9 in Unarmed Combat
  7533 | D:6      | Learned a level 4 spell: Ice Form
  7579 | D:6      | Found a shimmering blue altar of Sif Muna.
  7704 | D:6      | Found a radiant altar of Vehumet.
  8056 | D:6      | Found a staircase to the Ecumenical Temple.
  8182 | D:6      | Found a snail-covered altar of Cheibriados.
  8398 | Temple   | Entered the Ecumenical Temple
  8666 | D:7      | Reached skill level 5 in Fighting
  8707 | D:7      | Reached XP level 9. HP: 26/74 MP: 2/12
  8713 | D:7      | Reached skill level 10 in Unarmed Combat
  9150 | D:7      | Found an opulent altar of Gozag.
  9152 | D:7      | Found Gozag's Platinum Reserve.
  9389 | D:7      | Identified the ring "Jocus" {AC+4 Slay+3}
  9399 | D:7      | Noticed Aneyh's ghost (novice TeFi)
  9559 | D:7      | Identified the +9 spear of Discomfort {vamp, *Slow +Blink
                  | rN+ Will++}
  9559 | D:7      | Identified the +0 buckler of Boiling Hail {Int+3}
  9576 | D:7      | Found a transporter.
  9577 | D:7      | Noticed Grum
  9643 | D:7      | Found a transporter.
  9914 | D:5      | Bought a +0 buckler of protection for 138 gold pieces
  9966 | D:8      | Reached skill level 11 in Unarmed Combat
 10023 | D:8      | Reached skill level 1 in Shields
 10707 | D:8      | Found a transporter.
 10709 | D:8      | Noticed a cyclops
 10711 | D:8      | Noticed a two-headed ogre
 10714 | D:8      | Noticed a two-headed ogre
 10773 | D:8      | Found a roughly hewn altar of Beogh.
 10773 | D:8      | Found a transporter.
 10830 | D:8      | Noticed Pikel
 10850 | D:8      | Killed Pikel
 10851 | D:8      | Reached XP level 10. HP: 61/83 MP: 9/14
 10869 | D:8      | Noticed a gargoyle
 10880 | D:8      | Killed a gargoyle
 11359 | D:8      | Noticed a two-headed ogre
 11409 | D:8      | Noticed a catoblepas
 11418 | D:8      | Killed a catoblepas
 11423 | D:8      | Killed a two-headed ogre
 11810 | D:8      | Noticed a tengu warrior
 11839 | D:8      | Killed a tengu warrior
 11840 | D:8      | Reached skill level 12 in Unarmed Combat
 12084 | D:8      | Found an ancient bone altar of Kikubaaqudgha.
 12727 | D:8      | Became a worshipper of Beogh the Brigand
 12994 | D:8      | Killed a cyclops
 12995 | D:8      | Reached XP level 11. HP: 97/97 MP: 10/17
 12997 | D:8      | Killed a two-headed ogre
 12998 | D:8      | Reached skill level 13 in Unarmed Combat
 13009 | D:8      | Got the Volume of Glacial Changing
 13013 | D:8      | Killed a two-headed ogre
 13130 | Temple   | Learned a level 2 spell: Passwall
 13530 | D:9      | Reached skill level 1 in Invocations
 13620 | D:9      | Reached skill level 5 in Transmutations
 13777 | D:9      | Found an iron altar of Okawaru.
 13904 | D:9      | Noticed a two-headed ogre
 13917 | D:9      | Killed a two-headed ogre
 14205 | D:9      | Reached * piety under Beogh
 14451 | Temple   | Upgraded the game from 0.29-a0-283-ga02f740833 to
                  | 0.29-a0-284-gf9362112df
 14534 | D:10     | Entered Level 10 of the Dungeon
 14804 | D:10     | Noticed a deep elf pyromancer
 14818 | D:9      | Killed a deep elf pyromancer
 14977 | D:9      | Reached ** piety under Beogh
 15038 | D:10     | Reached skill level 5 in Invocations
 15259 | D:10     | Found a glowing golden altar of the Shining One.
 15402 | D:10     | Found a staircase to the Orcish Mines.
 15569 | D:10     | Got Latzi's Tome of Axaxaxas mlö
 15576 | D:10     | Noticed a wizard
 15576 | D:10     | Noticed a wizard
 15578 | D:10     | Cast into level 2 of the Abyss (a wizard)
 15578 | Abyss:2  | Found a corrupted altar of Lugonu.
 15697 | D:10     | Escaped the Abyss
 15707 | D:10     | Noticed a deep elf zephyrmancer
 15762 | D:9      | Killed a wizard
 15764 | D:9      | Killed a deep elf zephyrmancer
 15868 | D:10     | Got the Papyrus of Combed Thunderclap
 15875 | D:10     | Got Ts'ui Pên's Compendium of Forking Paths
 16097 | D:10     | Paralysed by a hornet for 2 turns
 16547 | D:3      | Killed SirDiesAlot's ghost
 16908 | D:10     | Learned a level 5 spell: Blade Hands
 16917 | D:11     | Killed a wizard
 16918 | D:11     | Reached skill level 14 in Unarmed Combat
 16918 | D:11     | Reached XP level 12. HP: 77/104 MP: 11/18
 17190 | D:11     | Noticed a tengu warrior
 17236 | D:11     | Killed a tengu warrior
 17389 | D:11     | Found a staircase to the Lair.
 17491 | D:11     | Reached skill level 15 in Unarmed Combat
 17955 | D:11     | HP: 5/124 [electric eel/bolt of electricity (7)]
 17959 | D:11     | HP: 2/124 [electric eel/bolt of electricity (13)]
 17960 | D:11     | Killed from afar by an electric eel

Illustrated notes

Levels and vault maps discovered:
D:1:      lightli_arrival_lavapool, layout_loops_ring,
          chequers_ecumenical_altar_simple, minmay_heptomino_w4
D:2:      layout_loops_ring
D:3:      layout_loops_ring, nzn_wu_jian_council_hall,
          gammafunk_ghost_mausoleum, minmay_misc_feat_tower
D:4:      layout_gridville, mainiacjoe_overflow_alcove_4,
          nicolae_ru_the_path_less_chosen, serial_shops,
          nicolae_inconvenience_store, shop, shop, nicolae_stop_n_shop_1
D:5:      wad_pebble_path, layout_basic, mainiacjoe_overflow_brackets,
          mainiacjoe_overflow_24_doors, lemuel_round_altar,
          gammafunk_ghost_nasty_kobolds, serial_shops, nicolae_diamond_shop
D:6:      layout_basic, nicolae_vehumet_altar_sigil,
          mainiacjoe_overflow_small_starburst, slow_altar_1, temple_doors_e,
          uniq_blork_the_orc, uniq_menkaure
D:7:      layout_loops_ring, nicolae_gozag_zags_fifth_avenue,
          gammafunk_ghost_gnarly_gnolls, chequers_jeans,
          minmay_chambers_of_fives
D:8:      gammafunk_beogh_shrine, layout_gridville,
          mainiacjoe_overflow_six_doors_small, minmay_pinched_square, uniq_pikel
D:9:      layout_long_grid, mainiacjoe_overflow_paths
D:10:     layout_irregular_city, tso_metal_star, hiddenorc2_lemuel,
          minmay_misc_feat_cross, bh_hangedman_babel_library
D:11:     layout_basic, erik_lair_dragon
Temple:   compressed_dpeg_triangle_lava_temple

Skill      XL: |  1  2  3  4  5  6  7  8  9 10 11 12 |
---------------+-------------------------------------+-----
Unarmed Combat | 4 5 6 7 8 9 11 12 14 15 | 15.0
Fighting       | 2 3 4 5 6 9 |  9.0
Poison Magic   | 1 2 |  2.0
Transmutations | 2 4 6 |  6.8
Spellcasting   | 2 3 4 |  4.0
Ice Magic      | 1 4 |  4.0
Dodging        | 2 |  2.0
Shields        | 4 |  4.0
Invocations    | 5 |  5.0

Action                   |  1- 3 |  4- 6 |  7- 9 | 10-12 || total
-------------------------+-------+-------+-------+-------++-------
Melee: Unarmed           |    75 |   162 |   240 |   386 ||   863
       Kick              |    17 |    36 |    33 |    36 ||   122
       Headbutt          |    11 |    22 |    30 |    22 ||    85
       Punch             |     1 |       |     6 |       ||     7
 Cast: Beastly Appendage |    39 |    31 |    27 |    25 ||   122
       Spider Form       |       |     3 |    22 |    27 ||    52
       Ozocubu's Armour  |       |       |    22 |    45 ||    67
       Ice Form          |       |       |       |    15 ||    15
       Blade Hands       |       |       |       |     2 ||     2
Invok: Convert to Beogh  |       |       |       |     1 ||     1
       Smiting           |       |       |       |     2 ||     2
 Abil: End Transformatio |       |       |       |     1 ||     1
Evoke: Wand              |       |       |       |     3 ||     3
  Use: Scroll            |       |     5 |       |     6 ||    11
       Potion            |       |       |     4 |    10 ||    14
 Stab: Sleeping          |       |       |     1 |       ||     1
Armor: Robe              |    16 |       |    69 |    10 ||    95
       Leather armour    |     1 |    72 |     4 |       ||    77
       Skin              |       |     8 |    16 |    93 ||   117
       Steam dragon scal |       |       |       |    68 ||    68
Dodge: Dodged            |    43 |    74 |   190 |   218 ||   525
Block: Buckler           |       |       |     6 |    45 ||    51

Table legend: (Time is in decaauts)
 A = Elapsed time spent in this place.
 B = Non-inter-level travel time spent in this place.
 C = Inter-level travel time spent in this place.
 D = Time resting spent in this place.
 E = Time spent auto-exploring this place.
 F = Levels seen in this place.
 G = Mean time per level.
                   A        B        C        D        E       F      G
               +--------+--------+--------+--------+--------+-----+--------+
         Total |  17897 |  15915 |   1982 |   5762 |   5970 |  13 | 1376.7 |
       Dungeon |  17707 |  15730 |   1977 |   5729 |   5970 |  11 | 1609.7 |
        Temple |     70 |     65 |      5 |      0 |      0 |   1 |   70.0 |
         Abyss |    118 |    118 |      0 |     33 |      0 |   1 |  118.0 |
               +--------+--------+--------+--------+--------+-----+--------+

Top non-repeatable levels by time:
     D:8: 2855 daAuts
     D:5: 2184 daAuts
     D:3: 2053 daAuts
     D:7: 2026 daAuts
     D:6: 1558 daAuts
     D:4: 1456 daAuts
     D:9: 1414 daAuts
     D:1: 1208 daAuts
    D:10: 1139 daAuts
    D:11: 965 daAuts
     D:2: 845 daAuts
 Abyss:2: 118 daAuts
  Temple: 70 daAuts
